| TOP OF THE 1ST |
|
Coastal Carolina University Chanticleers batting - Pitching for Mississippi State University Bulldogs : RHP Willie Berumen
|
|
Pitching: RHP Willie Berumen
|
|
|
Batting: RHB Ferri Casteleijn
|
0-0: Called Strike 0-1: Ground out 5-3 (Groundball, 56, EV 86.2 MPH)
|
|
Batting: RHB Dennis Bennett
|
0-0: Ball 1-0: Called Strike 1-1: Foul Ball, location: 2F 1-2: Ball 2-2: Ball 3-2: Reached on error, E4 (Groundball, 4M, EV 88.1 MPH)
|
|
Batting: LHB Justin Sanders
|
0-0: Ball 1-0: Foul Ball, location: 2F 1-1: Ball 2-1: Foul Ball, location: 2F 2-2: Fly out, F7 (Flyball, 78D, EV 100.6 MPH)
|
|
Batting: RHB Tatsunori Ishigaki
|
0-0: Fly out, F9 (Line Drive, 9D, EV 93.8 MPH)
|
| Top of the 1st over - 0 runs, 0 hits, 1 error, 1 left on base; Coastal Carolina University 0 - Mississippi State University 0 |
| BOTTOM OF THE 1ST |
|
Mississippi State University Bulldogs batting - Pitching for Coastal Carolina University Chanticleers : RHP Matt Schnurer
|
|
Pitching: RHP Matt Schnurer
|
|
|
Batting: LHB Ricardo Ramos
|
0-0: Called Strike 0-1: Ball 1-1: Foul Ball, location: 2F 1-2: Ball 2-2: Foul Ball, location: 2F 2-2: Ground out 4-3 (Groundball, 4, EV 101.2 MPH)
|
|
Batting: RHB Alvin Abarca
|
0-0: Called Strike 0-1: Ball 1-1: Ground out U3 (Groundball, 34, EV 80.6 MPH)
|
|
Batting: RHB Josh Stene
|
0-0: Ball 1-0: Ball 2-0: Reached on error, E6 (Groundball, 6, EV 85.6 MPH)
|
|
Batting: LHB Danny Shanahan
|
0-0: Ground out 4-3 (Groundball, 4, EV 84.4 MPH)
|
| Bottom of the 1st over - 0 runs, 0 hits, 1 error, 1 left on base; Coastal Carolina University 0 - Mississippi State University 0 |
| TOP OF THE 2ND |
|
Coastal Carolina University Chanticleers batting - Pitching for Mississippi State University Bulldogs : RHP Willie Berumen
|
|
Batting: RHB Justin Klein
|
0-0: Ball 1-0: Ball 2-0: Called Strike 2-1: Foul Ball, location: 2F 2-2: Foul Ball, location: 2F 2-2: Ball 3-2: Fly out, F8 (Flyball, 8RD, EV 98.1 MPH)
|
|
Batting: RHB Oscar Hernandez
|
0-0: Foul Ball, location: 2F 0-1: Called Strike 0-2: Ball 1-2: Strikes out looking
|
|
Batting: RHB Alex Montiel
|
0-0: Swinging Strike 0-1: Ball 1-1: Fly out, F4 (Popup, 4, EV 75.0 MPH)
|
| Top of the 2nd over - 0 runs, 0 hits, 0 errors, 0 left on base; Coastal Carolina University 0 - Mississippi State University 0 |
| BOTTOM OF THE 2ND |
|
Mississippi State University Bulldogs batting - Pitching for Coastal Carolina University Chanticleers : RHP Matt Schnurer
|
|
Batting: RHB Alexis Gallegos
|
0-0: Ball 1-0: Foul Ball, location: 2F 1-1: Called Strike 1-2: Strikes out looking
|
|
Batting: LHB Vinnie Kalman
|
0-0: Ball 1-0: Swinging Strike 1-1: Called Strike 1-2: Foul Ball, location: 2F 1-2: Strikes out swinging
|
|
Batting: RHB Oscar Vargas
|
0-0: Called Strike 0-1: SINGLE (Line Drive, 89M, EV 94.4 MPH)
|
|
Batting: RHB Bill Petipas
|
0-0: Called Strike 0-1: Called Strike 0-2: Ball 1-2: Strikes out looking
|
| Bottom of the 2nd over - 0 runs, 1 hit, 0 errors, 1 left on base; Coastal Carolina University 0 - Mississippi State University 0 |
| TOP OF THE 3RD |
|
Coastal Carolina University Chanticleers batting - Pitching for Mississippi State University Bulldogs : RHP Willie Berumen
|
|
Batting: RHB Isaac Washington
|
0-0: Called Strike 0-1: Called Strike 0-2: Foul Ball, location: 2F 0-2: Foul Ball, location: 2F 0-2: Ground out 5-3 (Groundball, 56S, EV 63.8 MPH)
|
|
Batting: RHB Fernando Tovar
|
0-0: Called Strike 0-1: Foul Ball, location: 2F 0-2: Strikes out looking
|
|
Batting: RHB Ferri Casteleijn
|
0-0: Ball 1-0: Ball 2-0: Ball 3-0: Called Strike 3-1: Base on Balls
|
|
Batting: RHB Dennis Bennett
|
0-0: Ball Ferri Casteleijn steals 2nd, throwing error, E2 Ferri Casteleijn to third 1-0: Ball 2-0: Foul Ball, location: 2F 2-1: Swinging Strike 2-2: Strikes out swinging
|
| Top of the 3rd over - 0 runs, 0 hits, 1 error, 1 left on base; Coastal Carolina University 0 - Mississippi State University 0 |
| BOTTOM OF THE 3RD |
|
Mississippi State University Bulldogs batting - Pitching for Coastal Carolina University Chanticleers : RHP Matt Schnurer
|
|
Pitching: RHP Steve Hewlett
|
|
|
Batting: RHB Chris Everett
|
0-0: Fly out, F7 (Flyball, 7, EV 91.9 MPH)
|
|
Batting: LHB Ricardo Ramos
|
0-0: Ball 1-0: Called Strike 1-1: Ball 2-1: Called Strike 2-2: Foul Ball, location: 2F 2-2: Strikes out swinging
|
|
Batting: RHB Alvin Abarca
|
0-0: Ball 1-0: Called Strike 1-1: Fly out, F8 (Flyball, 89S, EV 96.2 MPH)
|
| Bottom of the 3rd over - 0 runs, 0 hits, 0 errors, 0 left on base; Coastal Carolina University 0 - Mississippi State University 0 |
| TOP OF THE 4TH |
|
Coastal Carolina University Chanticleers batting - Pitching for Mississippi State University Bulldogs : RHP Willie Berumen
|
|
Batting: LHB Justin Sanders
|
0-0: Foul Ball, location: 2F 0-1: Ground out 6-3 (Groundball, 6M, EV 101.2 MPH)
|
|
Batting: RHB Tatsunori Ishigaki
|
0-0: Ball 1-0: Called Strike 1-1: Called Strike 1-2: Fly out, F9 (Flyball, 9D, EV 92.5 MPH)
|
|
Batting: RHB Justin Klein
|
0-0: Swinging Strike 0-1: Swinging Strike 0-2: Ball 1-2: Ball 2-2: Foul Ball, location: 2F 2-2: Ball 3-2: Base on Balls
|
|
Batting: RHB Oscar Hernandez
|
0-0: Foul Ball, location: 2F 0-1: Ball 1-1: Ball 2-1: Swinging Strike 2-2: Foul Ball, location: 5F, Error on foul ball, E5 2-2: Fielders Choice at 2nd, 6-4 (Groundball, 6, EV 106.2 MPH)
|
| Top of the 4th over - 0 runs, 0 hits, 1 error, 1 left on base; Coastal Carolina University 0 - Mississippi State University 0 |
| BOTTOM OF THE 4TH |
|
Mississippi State University Bulldogs batting - Pitching for Coastal Carolina University Chanticleers : RHP Steve Hewlett
|
|
Batting: RHB Josh Stene
|
0-0: Called Strike 0-1: Ball 1-1: Foul Ball, location: 2F 1-2: Strikes out swinging
|
|
Batting: LHB Danny Shanahan
|
0-0: Called Strike 0-1: Foul Ball, location: 2F 0-2: Strikes out swinging
|
|
Batting: RHB Alexis Gallegos
|
0-0: Called Strike 0-1: Foul Ball, location: 2F 0-2: Ball 1-2: Ball 2-2: Foul Ball, location: 2F 2-2: SINGLE (Groundball, 4D, EV 101.9 MPH)
|
|
Batting: LHB Vinnie Kalman
|
0-0: Called Strike 0-1: Ball 1-1: Ball 2-1: Called Strike Alexis Gallegos steals 2nd base 2-2: Ground out 4-3 (Groundball, 4, EV 105.0 MPH)
|
| Bottom of the 4th over - 0 runs, 1 hit, 0 errors, 1 left on base; Coastal Carolina University 0 - Mississippi State University 0 |
| TOP OF THE 5TH |
|
Coastal Carolina University Chanticleers batting - Pitching for Mississippi State University Bulldogs : RHP Willie Berumen
|
|
Batting: RHB Alex Montiel
|
0-0: Ball 1-0: Ball 2-0: Ball 3-0: Called Strike 3-1: Foul Ball, location: 2F 3-2: Strikes out swinging
|
|
Batting: RHB Isaac Washington
|
0-0: Called Strike 0-1: Called Strike 0-2: Ground out 4-3 (Groundball, 4, EV 83.8 MPH)
|
|
Batting: RHB Fernando Tovar
|
0-0: Ball 1-0: Ball 2-0: SINGLE (Line Drive, 9LS, EV 90.0 MPH)
|
|
Batting: RHB Ferri Casteleijn
|
0-0: Called Strike 0-1: Ball 1-1: Swinging Strike 1-2: SINGLE (Groundball, 6S, EV 69.4 MPH) (infield hit) Fernando Tovar to second
|
|
Batting: RHB Dennis Bennett
|
0-0: Ball 1-0: Ball Wild Pitch! Fernando Tovar to third Ferri Casteleijn to second 2-0: SINGLE (Groundball, 56S, EV 71.2 MPH) (infield hit) Fernando Tovar scores Ferri Casteleijn to third
|
|
Pitching: LHP Benjamin Alderdice
|
|
|
Batting: LHB Justin Sanders
|
0-0: Foul Ball, location: 2F 0-1: Foul Ball, location: 2F 0-2: Ball Wild Pitch! Ferri Casteleijn scores Dennis Bennett to second 1-2: Ball 2-2: Foul Ball, location: 2F 2-2: Ground out U3 (Groundball, 3, EV 83.1 MPH)
|
| Top of the 5th over - 2 runs, 3 hits, 0 errors, 1 left on base; Coastal Carolina University 2 - Mississippi State University 0 |
| BOTTOM OF THE 5TH |
|
Mississippi State University Bulldogs batting - Pitching for Coastal Carolina University Chanticleers : RHP Steve Hewlett
|
|
Batting: RHB Oscar Vargas
|
0-0: Called Strike 0-1: Ball 1-1: Called Strike 1-2: Strikes out looking
|
|
Batting: RHB Bill Petipas
|
0-0: Ball 1-0: Foul Ball, location: 2F 1-1: Fly out, F6 (Line Drive, 6, EV 77.5 MPH)
|
|
Batting: RHB Chris Everett
|
0-0: Ball 1-0: Reached on error, E6 (Groundball, 56, EV 90.0 MPH)
|
|
Batting: LHB Ricardo Ramos
|
0-0: Ball 1-0: Ball 2-0: Ball 3-0: Base on Balls Chris Everett to second
|
|
Batting: RHB Alvin Abarca
|
0-0: Ball 1-0: Ball 2-0: Called Strike 2-1: Ball 3-1: Swinging Strike 3-2: Strikes out swinging
|
| Bottom of the 5th over - 0 runs, 0 hits, 1 error, 2 left on base; Coastal Carolina University 2 - Mississippi State University 0 |
| TOP OF THE 6TH |
|
Coastal Carolina University Chanticleers batting - Pitching for Mississippi State University Bulldogs : LHP Benjamin Alderdice
|
|
Batting: RHB Tatsunori Ishigaki
|
0-0: Ground out U3 (Groundball, 34, EV 105.6 MPH)
|
|
Batting: RHB Justin Klein
|
0-0: Ball 1-0: Ball 2-0: SINGLE (Flyball, 8RS, EV 91.2 MPH)
|
|
Batting: RHB Oscar Hernandez
|
0-0: Fly out, F2 (Popup, 25F, EV 81.2 MPH)
|
|
Batting: RHB Alex Montiel
|
0-0: Ball 1-0: Called Strike 1-1: Reached on error, E7 (Flyball, 7LM, EV 99.4 MPH) Justin Klein to third
|
|
Batting: RHB Isaac Washington
|
0-0: Ball 1-0: Called Strike 1-1: SINGLE (Groundball, 34, EV 96.9 MPH) Justin Klein scores Alex Montiel to third Runner from 3rd tries for Home, SAFE, throw by RF to home
|
|
Batting: RHB Fernando Tovar
|
0-0: Called Strike 0-1: Ball 1-1: Ball 2-1: Foul Ball, location: 2F 2-2: Strikes out swinging
|
| Top of the 6th over - 2 runs, 2 hits, 1 error, 1 left on base; Coastal Carolina University 4 - Mississippi State University 0 |
| BOTTOM OF THE 6TH |
|
Mississippi State University Bulldogs batting - Pitching for Coastal Carolina University Chanticleers : RHP Steve Hewlett
|
|
Pitching: RHP Dorian Sander
|
|
|
Batting: RHB Josh Stene
|
0-0: Ball 1-0: Ball 2-0: Swinging Strike 2-1: Called Strike 2-2: Strikes out swinging
|
|
Batting: LHB Danny Shanahan
|
0-0: Ball 1-0: Ball 2-0: Foul Ball, location: 2F 2-1: Fly out, F8 (Flyball, 8RD, EV 80.0 MPH)
|
|
Batting: RHB Alexis Gallegos
|
0-0: Foul Ball, location: 2F 0-1: Foul Ball, location: 2F 0-2: Ball 1-2: Strikes out swinging
|
| Bottom of the 6th over - 0 runs, 0 hits, 0 errors, 0 left on base; Coastal Carolina University 4 - Mississippi State University 0 |
| TOP OF THE 7TH |
|
Coastal Carolina University Chanticleers batting - Pitching for Mississippi State University Bulldogs : LHP Benjamin Alderdice
|
|
Batting: RHB Ferri Casteleijn
|
0-0: Ball 1-0: Called Strike 1-1: SOLO HOME RUN (Line Drive, 89XD, EV 107.5 MPH), Distance : 409 ft
|
|
Batting: RHB Dennis Bennett
|
0-0: Called Strike 0-1: Fly out, F4 (Popup, 4, EV 71.9 MPH)
|
|
Batting: LHB Justin Sanders
|
0-0: Ball 1-0: Ball 2-0: Foul Ball, location: 2F 2-1: DOUBLE (Flyball, 7LD, EV 100.0 MPH)
|
|
Batting: RHB Tatsunori Ishigaki
|
0-0: Called Strike 0-1: Ball 1-1: Foul Ball, location: 2F 1-2: Ground out 6-3 (Groundball, 6, EV 91.2 MPH)
|
|
Batting: RHB Justin Klein
|
0-0: Ball 1-0: Ball 2-0: Foul Ball, location: 2F 2-1: SINGLE (Groundball, 13S, EV 68.8 MPH) (infield hit) Justin Sanders to third
|
|
Batting: RHB Oscar Hernandez
|
0-0: Ball 1-0: Ground out 5-3 (Groundball, 56S, EV 60.6 MPH)
|
| Top of the 7th over - 1 run, 3 hits, 0 errors, 2 left on base; Coastal Carolina University 5 - Mississippi State University 0 |
| BOTTOM OF THE 7TH |
|
Mississippi State University Bulldogs batting - Pitching for Coastal Carolina University Chanticleers : RHP Dorian Sander
|
|
Batting: LHB Vinnie Kalman
|
0-0: Ball 1-0: Foul Ball, location: 2F 1-1: Ball 2-1: Swinging Strike 2-2: Ball 3-2: Strikes out looking
|
|
Batting: RHB Oscar Vargas
|
0-0: Swinging Strike 0-1: Ground out 6-3 (Groundball, 6, EV 84.4 MPH)
|
|
Batting: RHB Bill Petipas
|
0-0: Ball 1-0: Ball 2-0: Ball 3-0: Foul Ball, location: 2F 3-1: Foul Ball, location: 2F 3-2: Foul Ball, location: 2F 3-2: Strikes out swinging
|
| Bottom of the 7th over - 0 runs, 0 hits, 0 errors, 0 left on base; Coastal Carolina University 5 - Mississippi State University 0 |
| TOP OF THE 8TH |
|
Coastal Carolina University Chanticleers batting - Pitching for Mississippi State University Bulldogs : LHP Benjamin Alderdice
|
|
Batting: RHB Alex Montiel
|
0-0: Called Strike 0-1: Swinging Strike 0-2: SINGLE (Line Drive, 4D, EV 96.9 MPH)
|
|
Batting: RHB Isaac Washington
|
0-0: Ball Alex Montiel is caught stealing 2nd base 2-4 1-0: Ball 2-0: Fly out, F9 (Line Drive, 89S, EV 105.0 MPH)
|
|
Batting: RHB Fernando Tovar
|
0-0: Called Strike 0-1: Foul Ball, location: 2F 0-2: SINGLE (Line Drive, 56D, EV 93.8 MPH)
|
|
Batting: RHB Ferri Casteleijn
|
0-0: Ball 1-0: Foul Ball, location: 2F 1-1: DOUBLE (Line Drive, 9LS, EV 101.9 MPH) Fernando Tovar to third
|
|
Batting: RHB Dennis Bennett
|
0-0: DOUBLE (Flyball, 89D, EV 100.0 MPH) Fernando Tovar scores Ferri Casteleijn scores
|
|
Pinch Hitting: RHB I-po Lin
|
0-0: Foul Ball, location: 2F 0-1: Ground out 6-3 (Groundball, 6, EV 104.4 MPH)
|
| Top of the 8th over - 2 runs, 4 hits, 0 errors, 1 left on base; Coastal Carolina University 7 - Mississippi State University 0 |
| BOTTOM OF THE 8TH |
|
Mississippi State University Bulldogs batting - Pitching for Coastal Carolina University Chanticleers : RHP Dorian Sander
|
|
Now in RF: Chris McDaniel
|
|
|
Batting: RHB Chris Everett
|
0-0: Ball 1-0: Foul Ball, location: 2F 1-1: Ball 2-1: Swinging Strike 2-2: Strikes out swinging
|
|
Pitching: RHP Clint Major
|
|
|
Batting: LHB Ricardo Ramos
|
0-0: Ball 1-0: Foul Ball, location: 2F 1-1: Foul Ball, location: 2F 1-2: Strikes out swinging
|
|
Batting: RHB Alvin Abarca
|
0-0: Ball 1-0: Called Strike 1-1: SINGLE (Groundball, 56D, EV 97.5 MPH)
|
|
Batting: RHB Josh Stene
|
0-0: Ball 1-0: Fielders Choice at 2nd, 6-4 (Groundball, 6, EV 79.4 MPH)
|
| Bottom of the 8th over - 0 runs, 1 hit, 0 errors, 1 left on base; Coastal Carolina University 7 - Mississippi State University 0 |
| TOP OF THE 9TH |
|
Coastal Carolina University Chanticleers batting - Pitching for Mississippi State University Bulldogs : LHP Benjamin Alderdice
|
|
Pinch Hitting: RHB Mike Grogan
|
0-0: SINGLE (Groundball, 34D, EV 103.8 MPH)
|
|
Batting: RHB Justin Klein
|
0-0: Fly out, F8 (Flyball, 8RS, EV 94.4 MPH)
|
|
Batting: RHB Rene Napoles
|
0-0: Fielders Choice at 2nd, 2-6 (Groundball, 2R, EV 66.2 MPH)
|
|
Pinch Hitting: RHB Tristan Williams
|
0-0: Foul Ball, location: 2F 0-1: Ball 1-1: Foul Ball, location: 2F 1-2: Ground out 4-3 (Groundball, 4, EV 100.6 MPH)
|
| Top of the 9th over - 0 runs, 1 hit, 0 errors, 1 left on base; Coastal Carolina University 7 - Mississippi State University 0 |
| BOTTOM OF THE 9TH |
|
Mississippi State University Bulldogs batting - Pitching for Coastal Carolina University Chanticleers : RHP Clint Major
|
|
Now at 3B: Tristan Williams
|
|
|
Now in CF: Iher Waithaka
|
|
|
Batting: LHB Danny Shanahan
|
0-0: Fly out, F9 (Line Drive, 9LS, EV 102.5 MPH)
|
|
Batting: RHB Alexis Gallegos
|
0-0: Ball 1-0: Ball 2-0: Called Strike 2-1: Called Strike 2-2: Ball 3-2: Strikes out swinging
|
|
Batting: LHB Vinnie Kalman
|
0-0: Ball 1-0: Foul Ball, location: 2F 1-1: Foul Ball, location: 2F 1-2: SOLO HOME RUN (Flyball, 9D, EV 98.1 MPH), Distance : 371 ft
|
|
Batting: RHB Oscar Vargas
|
0-0: Called Strike 0-1: Ball 1-1: Fly out, F3 (Popup, 3F, EV 66.2 MPH)
|
| Bottom of the 9th over - 1 run, 1 hit, 0 errors, 0 left on base; Coastal Carolina University 7 - Mississippi State University 1 |
|